 Dungeon Crawl Stone Soup version 0.29.1-12-g30fa7ad0bf (webtiles) character file.

Game seed: 15427455774743343084

378 DildoBatman the Conjurer (level 7, 0/52 HPs)
             Began as a Formicid Conjurer on Jan 10, 2023.
             Was a Follower of Kikubaaqudgha.
             Slain by Crazy Yiuf
             ... wielding a +2 quarterstaff of chaos
              (6 damage)
             ... on level 4 of the Dungeon.
             The game lasted 00:10:40 (3095 turns).

DildoBatman the Conjurer (Formicid Conjurer)        Turns: 3095, Time: 00:10:40

Health: 0/52       AC:  4    Str: 11    XL:     7   Next: 4%
Magic:  1/12       EV: 12    Int: 20    God:    Kikubaaqudgha [*.....]
Gold:   749        SH:  0    Dex: 18    Spells: 10/13 levels left

rFire   + . .      SeeInvis +   a - +0 sling
rCold   . . .      Faith    .   (no shield)
rNeg    . . .      Spirit   .   f - +0 robe
rPois   .          Reflect  .   (helmet unavailable)
rElec   .          Harm     .   o - +1 cloak
rCorr   .          Rampage  .   (no gloves)
Will    .....                   (no boots)
Stlth   ++........              (no amulet)
HPRegen 0.17/turn               k - ring of protection from fire
MPRegen 0.13/turn               u - +6 ring of dexterity

@: brilliant
A: permanent stasis, dig shafts and tunnels, antennae 3, four strong arms
a: Dig, Shaft Self, Renounce Religion, Unearth Wretches


You were on level 4 of the Dungeon.
You worshipped Kikubaaqudgha.
Kikubaaqudgha was aware of your devotion.
You visited 2 branches of the dungeon, and saw 5 of its levels.
You also visited: Ossuary.

You collected 768 gold pieces.
You spent 19 gold pieces at shops.

Inventory:

Hand Weapons
 a - a +0 sling (weapon)
 b - a +2 short sword of speed
 e - a +0 spear
Missiles
 d - 10 poisoned darts
 s - 3 curare-tipped darts
 y - 2 boomerangs
Armour
 f - a +0 robe (worn)
 o - a +1 cloak (worn)
Magical Staves
 w - a staff of air
 z - a staff of cold
Jewellery
 k - a ring of protection from fire (left hand)
 u - a +6 ring of dexterity (right hand)
Scrolls
 c - a scroll of silence {unknown}
 g - a scroll of poison {unknown}
 j - a scroll of butterflies
 l - 3 scrolls of enchant armour
 n - a scroll of amnesia {unknown}
 p - a scroll of fear
 t - 2 scrolls of blinking {unknown}
 A - 5 scrolls of teleportation {unknown}
Potions
 h - 6 potions of curing
 m - 3 potions of haste
 q - a potion of might {unknown}
 r - 2 potions of attraction {unknown}
 v - 2 potions of cancellation {unknown}
 x - 2 potions of brilliance
 B - 2 potions of lignification {unknown}
 C - 2 potions of magic


   Skills:
 * Level 3.2 Fighting
 * Level 3.2 Armour
 * Level 2.2 Dodging
 - Level 2.4 Stealth
 * Level 3.8 Spellcasting
 * Level 4.6 Conjurations
 * Level 0.9 Necromancy


You had 10 spell levels left.
You knew the following spells:

 Your Spells              Type           Power      Damage    Failure   Level
a - Searing Ray           Conj           66%        2d6       3%          2
c - Magic Dart            Conj           100%       1d8       1%          1

Your spell library contained the following spells:

 Spells                   Type           Power      Damage    Failure   Level
 Necrotise                Necr           44%        1d6       9%          1
 Sublimation of Blood     Necr           11%        N/A       14%         2
 Dazzling Flash           Conj/Hex       38%        N/A       16%         3
 Ensorcelled Hibernation  Hex/Ice        10%        N/A       21%         2
 Passwall                 Tmut/Erth      4%         N/A       21%         2
 Vampiric Draining        Necr           11%        2d6       26%         3
 Lesser Beckoning         Tloc           5%         N/A       36%         3
 Fulminant Prism          Conj/Hex       9%         3d7       45%         4
 Iskenderun's Mystic Bla  Conj/Tloc      19%        2d6       45%         4
 Animate Dead             Necr           11%        N/A       65%         4
 Manifold Assault         Tloc           5%         N/A       98%         5
 Blink                    Tloc           Unusable   N/A       N/A         2
 Swiftness                Air            Unusable   N/A       N/A         3

Dungeon Overview and Level Annotations

Branches:
Dungeon (4/15)             Temple (1/1) D:4         Ossuary (visited)

Altars:
Cheibriados
Dithmenos
Kikubaaqudgha
Qazlal
Uskayaw
The Shining One

Shops:
D:3 (   D:4 *

Annotations:
D:3 exclusion: 2 sensed monsters (detected)
D:4 Crazy Yiuf


Innate Abilities, Weirdness & Mutations

You cannot be hasted, slowed, berserked, paralysed or teleported.
You can dig through walls and to a lower floor.
You have a pair of large antennae on your head. (SInv)
Your four strong arms can wield two-handed weapons with a shield.


Message History

Crazy Yiuf barely misses you.
The searing ray misses Crazy Yiuf.
You finish channelling your searing ray.
Crazy Yiuf hits you with a +2 quarterstaff of chaos!
You are poisoned.
Casting: Searing Ray (safe; 3% risk of failure)
Confirm with . or Enter, or press ? or * to list all spells.
Aiming: Searing Ray (safe; 3% risk of failure)
Press: ? - help, Shift-Dir - straight line, f/p - Crazy Yiuf
Aim: Crazy Yiuf, wielding a +2 quarterstaff of chaos and wearing a +0 cloak (severely wounded, 81% to hit)
The searing ray hits Crazy Yiuf.
Crazy Yiuf is almost dead. (Press . to maintain the ray.)
You feel very sick.
Crazy Yiuf hits you with a +2 quarterstaff of chaos!
Crazy Yiuf burns you.
The searing ray misses Crazy Yiuf.
You feel very sick.
Crazy Yiuf yells, "Lugonu!
Peeping mobile arm."
Crazy Yiuf hits you with a +2 quarterstaff of chaos.
Your stasis prevents you from being slowed.
Without enough magic to sustain it, your searing ray dissipates.
You feel very sick.
Crazy Yiuf hits you with a +2 quarterstaff of chaos!
You easily resist.
Crazy Yiuf attacks as you move away! Crazy Yiuf closely misses you.
You feel sick.
It was a potion of haste.
Your stasis prevents you from being hasted.
You feel sick. Crazy Yiuf closely misses you.
It was a potion of curing.
You feel better. Crazy Yiuf barely misses you.
It was a potion of brilliance.
You feel clever all of a sudden.
Crazy Yiuf hits you with a +2 quarterstaff of chaos.
You die...
Kikubaaqudgha rasps: "You have failed me!
Welcome... death!"

#.####.........#
#.# #....####.#
#.# ##.......>#
#.# #.######## #.#
#.# #.# #.#
♣♣♣♣♣##.# #.#
♣♣♣.♣..+..# #.#
#♣..♣......#####@#
'g♣♣♣♣.........g.#
#♣♣ ♣♣.+..#######
♣♣####


You could see Crazy Yiuf.

Vanquished Creatures
  A phantom (D:4)
  A necrophage (D:4)
  A centaur zombie (Ossuary)
  2 human zombies (Ossuary)
  2 mummies (Ossuary)
  A gnoll (D:3)
  5 adders
  2 adder zombies (Ossuary)
  4 endoplasms
  A giant cockroach (D:2)
  3 goblins
  5 hobgoblins
  4 quokkas
  8 ball pythons
  4 bats
  3 goblin zombies (Ossuary)
  6 hobgoblin zombies (Ossuary)
  2 jackal zombies (Ossuary)
  4 kobolds
  12 kobold zombies (Ossuary)
  8 orc zombies (Ossuary)
  3 rats
82 creatures vanquished.

Vanquished Creatures (others)
  2 plants (D:2)
  3 withered plants (D:2)
5 creatures vanquished.

Grand Total: 87 creatures vanquished

Notes
Turn   | Place    | Note
-------+----------+-------------------------------------------
     0 | D:1      | DildoBatman the Formicid Conjurer began the quest for the
                  | Orb.
     0 | D:1      | Reached XP level 1. HP: 13/13 MP: 3/3
   267 | D:1      | Reached XP level 2. HP: 20/20 MP: 5/5
   274 | D:1      | Learned a level 2 spell: Searing Ray
   592 | D:2      | Reached skill level 1 in Fighting
   592 | D:2      | Reached skill level 1 in Armour
   592 | D:2      | Reached XP level 3. HP: 26/26 MP: 3/6
  1099 | D:2      | Reached XP level 4. HP: 32/32 MP: 2/8
  1120 | D:2      | Found a faded altar of an unknown god.
  1288 | D:3      | Reached skill level 4 in Conjurations
  1773 | D:3      | Found a faded altar of an unknown god.
  1778 | D:3      | Found a shadowy altar of Dithmenos.
  2019 | D:3      | Found Upiskyb's Antique Weapon Shop.
  2221 | D:4      | Found a staircase to the Ecumenical Temple.
  2231 | Temple   | Entered the Ecumenical Temple
  2246 | Temple   | Became a worshipper of Kikubaaqudgha
  2285 | D:4      | Noticed a necrophage
  2288 | D:4      | Noticed a phantom
  2298 | D:4      | Killed a necrophage
  2299 | D:4      | Reached XP level 5. HP: 17/39 MP: 6/9
  2302 | D:4      | Killed a phantom
  2303 | D:4      | Reached XP level 6. HP: 12/46 MP: 1/11
  2360 | D:4      | Identified a scroll of acquirement
  2361 | D:4      | Acquired 545 gold pieces
  2437 | D:4      | Found a sand-covered staircase.
  2443 | Ossuary  | Entered an ossuary
  2580 | Ossuary  | Reached * piety under Kikubaaqudgha
  2580 | Ossuary  | Received a gift from Kikubaaqudgha
  2783 | Ossuary  | Reached XP level 7. HP: 42/52 MP: 7/12
  2935 | D:4      | Found Ewnac's Assorted Antiques.
  2940 | D:4      | Bought a coppery potion for 19 gold pieces
  3062 | D:4      | Found a runed translucent door.
  3063 | D:4      | Noticed Crazy Yiuf
  3092 | D:4      | HP: 2/52 [poisoned by Crazy Yiuf]
  3095 | D:4      | Slain by Crazy Yiuf

Illustrated notes

Levels and vault maps discovered:
D:1:      eino_arrival_cavern_d, layout_loops_ring
D:2:      layout_rooms, shapermc_ecumenical_altar_flowoftime, minivault_4
D:3:      layout_basic, nicolae_overflow_ecumenical_swirl, serial_shops,
          nicolae_shop_waterfront
D:4:      layout_basic, mainiacjoe_overflow_big_doors, old_standard_altar,
          temple_pool_b, serial_shops, shop, nicolae_ossuary_entry_plus,
          uniq_crazy_yiuf_cottage
Temple:   nicolae_temple_bog_church

Skill      XL: |  1  2  3  4  5  6 |
---------------+-------------------+-----
Dodging        | 2 |  2.2
Fighting       | 1 2 3 |  3.2
Armour         | 1 2 3 |  3.2
Conjurations   | 4 |  4.6
Spellcasting   | 3 |  3.8
Stealth        | |  2.4
Necromancy     | |  0.9

Action                   |  1- 3 |  4- 6 |  7- 9 || total
-------------------------+-------+-------+-------++-------
Melee: Spear             |     1 |    19 |       ||    20
       Short sword       |       |    40 |       ||    40
       Punch             |       |     1 |       ||     1
 Fire: Sling             |    44 |    89 |       ||   133
 Cast: Magic Dart        |    16 |     4 |       ||    20
       Searing Ray       |     6 |    18 |     3 ||    27
  Use: Scroll            |       |     5 |       ||     5
       Potion            |       |     1 |     3 ||     4
Armor: Robe              |     9 |    16 |       ||    25
Dodge: Dodged            |    16 |    54 |     7 ||    77
